 Dungeon Crawl Stone Soup version 0.24-a0-176-gc3651c4 (webtiles) character file.

Game seed: 11730416962099103538

58 KrasnyyBoyets the Chopper (level 3, -1/33 HPs)
             Began as a Minotaur Fighter on Mar 13, 2019.
             Slain by Grinder (5 damage)
             ... on level 3 of the Dungeon.
             The game lasted 00:17:40 (2423 turns).

KrasnyyBoyets the Chopper (Minotaur Fighter)        Turns: 2423, Time: 00:17:40

Health: -1/33      AC:  6    Str: 26    XL:     3   Next: 75%
Magic:  2/2        EV:  9    Int:  9    God:
Gold:   134        SH:  4    Dex:  9    Spells: 2/2 levels left

rFire    . . .     SeeInvis .   a - +0 war axe
rCold    . . .     Gourm    .   o - +0 buckler
rNeg     . . .     Faith    .   b - +0 scale mail
rPois    +         Spirit   .   (helmet restricted)
rElec    .         Reflect  .   (no cloak)
rCorr    .         Harm     .   (no gloves)
MR       .....                  (no boots)
Stlth    ..........             (no amulet)
HPRegen  0.11/turn              l - +4 ring of intelligence
MPRegen  0.08/turn              i - ring of poison resistance

@: mighty
A: retaliatory headbutt, horns 2
a: no special abilities


You were on level 3 of the Dungeon.
You were hungry.

You visited 1 branch of the dungeon, and saw 3 of its levels.

You collected 134 gold pieces.

Inventory:

Hand Weapons
 a - a +0 war axe (weapon)
 t - a +4 dagger
Missiles
 g - 79 stones
 h - 20 sling bullets
 k - 16 poisoned needles (quivered)
Armour
 b - a +0 scale mail (worn)
 c - a +0 shield
 o - a +0 buckler (worn)
Jewellery
 i - a ring of poison resistance (right hand)
 l - a +4 ring of intelligence (left hand)
 m - an uncursed ring of magical power
Scrolls
 e - 2 scrolls of teleportation {unknown}
 j - 2 scrolls of identify {unknown}
 n - a scroll of remove curse {unknown}
 r - a scroll of amnesia {unknown}
 x - a scroll of magic mapping {unknown}
Potions
 d - a potion of might
 p - a potion of degeneration {unknown}
 q - a potion of curing {unknown}
 s - 2 potions of flight {unknown}
 u - a potion of berserk rage {unknown}
 v - 2 potions of brilliance {unknown}
 w - a potion of lignification {unknown}
Comestibles
 f - 6 rations


   Skills:
 + Level 3.6 Fighting
 + Level 5.0 Axes
 - Level 3.6 Armour
 - Level 3.6 Shields


You had 2 spell levels left.
You didn't know any spells.
Your spell library was empty.

Dungeon Overview and Level Annotations

Branches:
Dungeon (3/15)

Altars:
Xom

Annotations:
D:3 Grinder


Innate Abilities, Weirdness & Mutations

You reflexively headbutt those who attack you in melee.
You have a pair of horns on your head.


Message History

You closely miss Grinder.
Grinder is moderately wounded.
Grinder hits you!
You hit Grinder but do no damage.
Grinder is moderately wounded.
Grinder gestures at you. You resist with significant effort.
You hit Grinder.
Grinder is moderately wounded.
Grinder gestures at you. Pain shoots through your body!
You feel very mighty all of a sudden. Grinder gestures at you.
Pain shoots through your body!
You barely miss Grinder.
Grinder is moderately wounded.
Grinder hits you.
* * * LOW HITPOINT WARNING * * *
You writhe in agony.
You die...

#.# #.# #.. ..#
#.# #.#
###.####.##
(......@5.#
########..#
#..##...##..
#..##...##.#
#..##...##.#
#..##...##.#
#..##...##.#
#..##...##.#
##.##...##.######


You could see Grinder.

Vanquished Creatures
  2 adders (D:2)
  An ooze (D:2)
  A worm (D:2)
  A giant cockroach (D:2)
  6 hobgoblins
  2 jackals (D:1)
  4 kobolds
  A quokka (D:2)
  A ball python (D:1)
  4 bats
  5 goblins
  2 rats (D:1)
30 creatures vanquished.

Notes
Turn   | Place    | Note
-------+----------+-------------------------------------------
     0 | D:1      | KrasnyyBoyets the Minotaur Fighter began the quest for the
                  | Orb.
     0 | D:1      | Reached XP level 1. HP: 19/19 MP: 0/0
   278 | D:1      | Reached skill level 3 in Axes
   423 | D:1      | Reached XP level 2. HP: 22/26 MP: 1/1
   897 | D:2      | Reached skill level 4 in Axes
  1214 | D:2      | Found a shimmering altar of Xom.
  1216 | D:2      | Found a shimmering altar of Xom.
  1216 | D:2      | Found a shimmering altar of Xom.
  1217 | D:2      | Found a shimmering altar of Xom.
  1217 | D:2      | Found a shimmering altar of Xom.
  1218 | D:2      | Found a shimmering altar of Xom.
  1218 | D:2      | Found a shimmering altar of Xom.
  1238 | D:2      | Found a shimmering altar of Xom.
  1452 | D:2      | Reached XP level 3. HP: 29/31 MP: 2/2
  1967 | D:2      | Reached skill level 5 in Axes
  2403 | D:3      | Noticed Grinder
  2410 | D:3      | Paralysed by Grinder for 2 turns
  2414 | D:3      | Paralysed by Grinder for 2 turns
  2423 | D:3      | Slain by Grinder

Levels and vault maps discovered:
D:1:      minmay_arrival_semitransparent, layout_basic, minivault_26,
          minmay_misc_feat_encased
D:2:      layout_loops_ring, first_ration, hangedman_glass_teeth,
          xom_redecorated
D:3:      layout_basic, uniq_grinder

Skill      XL: |  1  2  3 |
---------------+----------+-----
Axes           | 3 4 5 |  5.0
Fighting       | |  3.6
Armour         | |  3.6
Shields        | |  3.6

Action                   || total
-------------------------++-------
Melee: War axe           ||    86
       Headbutt          ||    10
  Use: Potion            ||     1
  Eat: Chunk             ||     4
Armor: Scale mail        ||    39
Dodge: Dodged            ||    37
Block: Shield            ||    21
       Buckler           ||    15

Table legend:
 A = Non-vault XP
 B = Vault XP
 C = Vault XP percentage of total XP
 D = Non-vault monster count
 E = Vault monster count
 F = Vault count percentage of total count
                 A         B        C        D         E       F
            +---------+---------+-------+---------+---------+-------
      Total |      83 |       0 |   0.0 |      30 |       0 |   0.0
            +---------+---------+-------+---------+---------+-------
        D:1 |      19 |       0 |   0.0 |      12 |       0 |   0.0
        D:2 |      60 |       0 |   0.0 |      16 |       0 |   0.0
        D:3 |       4 |       0 |   0.0 |       2 |       0 |   0.0
            +---------+---------+-------+---------+---------+-------
